 Dungeon Crawl Stone Soup version 0.29.0-4-gdea44cf6ec (webtiles) character file.

Game seed: 2543895172429666360

98 qw the Chopper (level 4, -2/26 HPs)
             Began as a Tengu Warper on Aug 28, 2022.
             Slain by Sigmund
             ... wielding a +0 scythe
              (5 damage)
             ... on level 3 of the Dungeon.
             The game lasted 00:00:14 (2382 turns).

qw the Chopper (Tengu Warper)                       Turns: 2382, Time: 00:00:14

Health: -2/26      AC:  5    Str: 13    XL:     4   Next: 71%
Magic:  8/8        EV: 11    Int: 13    God:
Gold:   173        SH:  0    Dex: 14    Spells: 7/7 levels left

rFire   . . .      SeeInvis .   Y - +1 hand axe
rCold   . . .      Faith    .   (no shield)
rNeg    . . .      Spirit   .   e - +0 ring mail
rPois   .          Reflect  .   (helmet restricted)
rElec   .          Harm     .   (no cloak)
rCorr   .          Rampage  .   (no gloves)
Will    .....                   (boots unavailable)
Stlth   +.........              (no amulet)
HPRegen 0.08/turn               (no ring)
MPRegen 0.11/turn               (no ring)

@: no status effects
A: beak, talons 3
a: no special abilities


You were on level 3 of the Dungeon.
You visited 1 branch of the dungeon, and saw 3 of its levels.

You collected 173 gold pieces.


Innate Abilities, Weirdness & Mutations

You have a beak for a mouth.
You have claws for feet.


   Skills:
 - Level 2.0 Fighting
 + Level 5.2 Axes
 - Level 1.0 Throwing
 - Level 1.1 Armour
 - Level 2.1 Dodging
 - Level 2.0 Spellcasting
 - Level 2.4 Translocations


You had 7 spell levels left.
You didn't know any spells.
Your spell library contained the following spells:

 Spells                   Type           Power      Damage    Failure   Level
 Blink                    Tloc           14%        N/A       30%         2
 Gell's Gravitas          Tloc           7%         N/A       52%         3
 Lesser Beckoning         Tloc           7%         N/A       52%         3
 Teleport Other           Tloc           7%         N/A       52%         3
 Manifold Assault         Tloc           7%         N/A       99%         5

Inventory:

Hand Weapons
 g - a +0 mace
 Y - a +1 hand axe (weapon)
Armour
 e - a +0 ring mail (worn)
 i - a +0 buckler
 j - a +0 plate armour
Jewellery
 b - a +6 ring of dexterity
 f - a +6 ring of dexterity
Scrolls
 a - 3 scrolls of identify
 h - 2 scrolls of teleportation
 l - a scroll of brand weapon {unknown}
Potions
 c - 2 potions of heal wounds
 d - a potion of curing
 k - a potion of degeneration {unknown}

Dungeon Overview and Level Annotations

Branches:
Dungeon (3/15)

Altars:

Annotations:
D:3 Sigmund


Message History

Deactivating autopickup; reactivate with Ctrl-A.
The adder bites you.
You miss the adder. You peck the adder.
You kill the adder!
You hit the endoplasm. You claw the endoplasm.
You kill the endoplasm!
Something hits you but does no damage.
You see here a +0 mace.
You hit something. Something hits you.
You miss something. You claw something. You closely miss something.
Your kick misses something. Your peck misses something.
Something hits you but does no damage.
You slash something! You peck something. Something hits you but does no damage.
You hit something. You barely miss something. Your kick misses something.
Something hits you.
You miss something. Your kick misses something. You barely miss something.
You peck something. Something hits you but does no damage.
You hit something. Your peck misses something. You miss something.
Your peck misses something. Something completely misses you.
You hit something. You claw something. Something hits you but does no damage.
You closely miss something. You closely miss something.
Your kick misses something. Something hits you but does no damage.
You closely miss something. Your kick misses something. You hit something.
You claw something.
You hear some strange, mumbled words.
A magic dart appears from out of thin air!
The magic dart hits you but does no damage.
You miss something. Your kick misses something. Something hits you.
You hit something. You peck something. Your punch misses something.
Something hits you.
You die...

######### #.......# .
#.#####.#
....###########.#####.#
.....={@...........##.#
..<.###########.##.##.#
. #.##.##.# .#
#.......# .# ####.####
## #.# ###.#
#######...# ##.#
.......>###


There were no monsters in sight!

Vanquished Creatures
  4 adders
  An ufetubus (D:3)
  A worm (D:2)
  An orc (D:3)
  3 endoplasms
  3 giant cockroaches
  5 goblins
  3 hobgoblins
  5 jackals
  4 kobolds
  4 quokkas
  A ball python (D:2)
  7 bats
  2 frilled lizards
  4 rats (D:1)
48 creatures vanquished.

Vanquished Creatures (others)
  2 plants (D:1)
2 creatures vanquished.

Grand Total: 50 creatures vanquished

Notes
Turn   | Place    | Note
-------+----------+-------------------------------------------
     0 | D:1      | qw the Tengu Warper began the quest for the Orb.
     0 | D:1      | Reached XP level 1. HP: 12/12 MP: 4/4
     0 | D:1      | 0 ||| qw: Version: 0.1-a-89-g26bdef1
     0 | D:1      | 0 ||| qw: Game counter: 2008
     0 | D:1      | 0 ||| qw: Always use a shield: true
     0 | D:1      | 0 ||| qw: God list: Okawaru
     0 | D:1      | 0 ||| qw: Allow faded altars: false
     0 | D:1      | 0 ||| qw: Do Orc after D:15 true
     0 | D:1      | 0 ||| qw: Do second Lair branch before Depths: true
     0 | D:1      | 0 ||| qw: Lair rune preference: random
     0 | D:1      | 0 ||| qw: Plans: Normal
     0 | D:1      | 0 ||| PLANNING D:1-11
   147 | D:1      | Reached skill level 3 in Axes
   147 | D:1      | Reached XP level 2. HP: 17/17 MP: 6/6
   387 | D:1      | 387 ||| Stepping ~*~*~tactically~*~*~ (stealth).
   389 | D:1      | 389 ||| Stepping ~*~*~tactically~*~*~ (stealth).
   391 | D:1      | 391 ||| Stepping ~*~*~tactically~*~*~ (stealth).
   394 | D:1      | 394 ||| Stepping ~*~*~tactically~*~*~ (stealth).
   612 | D:1      | Reached XP level 3. HP: 20/21 MP: 7/7
   626 | D:1      | Found a faded altar of an unknown god.
   737 | D:1      | 737 ||| READING 3 scrolls labelled QYMEIGHEACW.
   738 | D:1      | 738 ||| READING scroll labelled ZUTIESCH WAYR.
   742 | D:1      | 742 ||| READING scroll labelled JITAOXZU MOKAVVEDU.
   743 | D:1      | 743 ||| READING 2 scrolls of identify.
   743 | D:1      | 743 ||| IDENTIFYING sapphire potion
   744 | D:1      | 744 ||| DROPPING scroll of blinking.
   876 | D:2      | Reached skill level 4 in Axes
  1259 | D:2      | 1259 ||| FLEEEEING.
  1260 | D:2      | 1260 ||| FLEEEEING.
  1262 | D:2      | 1262 ||| STAIRDANCE
  1344 | D:1      | 1344 ||| READING scroll labelled QURPHU KYICOUHO.
  1345 | D:1      | 1345 ||| READING scroll labelled SAKHOO LYKOY.
  1346 | D:1      | 1346 ||| READING scroll labelled IQIX CAOVEIC.
  1347 | D:1      | 1347 ||| READING 2 scrolls of identify.
  1347 | D:1      | 1347 ||| IDENTIFYING lumpy green potion
  1367 | D:2      | 1367 ||| Stepping ~*~*~tactically~*~*~ (stealth).
  1437 | D:2      | Reached XP level 4. HP: 13/26 MP: 8/8
  1775 | D:2      | 1775 ||| UPGRADING to +0 ring mail.
  1785 | D:2      | 1785 ||| DROPPING +0 leather armour.
  1786 | D:2      | 1786 ||| READING scroll labelled NAVYOR UFRYASY.
  1787 | D:2      | 1787 ||| READING 4 scrolls of identify.
  1787 | D:2      | 1787 ||| IDENTIFYING sedimented inky potion
  1788 | D:2      | 1788 ||| DROPPING potion of brilliance.
  2158 | D:3      | Reached skill level 5 in Axes
  2352 | D:3      | Noticed Sigmund
  2381 | D:3      | HP: 3/26 [something (5)]
  2382 | D:3      | Slain by Sigmund

Levels and vault maps discovered:
D:1:      tarquinn_simple_flora_water_d, layout_basic,
          chequers_ecumenical_altar_lobes
D:2:      layout_loops_ring
D:3:      layout_loops_ring, minmay_misc_feat_ornament, uniq_sigmund

Skill      XL: |  1  2  3  4 |
---------------+-------------+-----
Axes           | 3 4 5 |  5.2
Fighting       | |  2.0
Throwing       | |  1.0
Armour         | |  1.1
Dodging        | |  2.1
Spellcasting   | |  2.0
Translocations | |  2.4

Action                   |  1- 3 |  4- 6 || total
-------------------------+-------+-------++-------
Melee: Hand axe          |   104 |    52 ||   156
       Kick              |    21 |    12 ||    33
       Peck              |    10 |     7 ||    17
       Punch             |     1 |       ||     1
Throw: Boomerang         |     7 |       ||     7
  Use: Scroll            |     8 |     2 ||    10
Armor: Leather armour    |    18 |       ||    18
       Ring mail         |       |    18 ||    18
Dodge: Dodged            |    53 |    32 ||    85

Table legend:
 A = Non-vault XP
 B = Vault XP
 C = Vault XP percentage of total XP
 D = Non-vault monster count
 E = Vault monster count
 F = Vault count percentage of total count
                 A         B        C        D         E       F
            +---------+---------+-------+---------+---------+-------
      Total |     141 |       0 |   0.0 |      48 |       0 |   0.0
            +---------+---------+-------+---------+---------+-------
        D:1 |      36 |       0 |   0.0 |      22 |       0 |   0.0
        D:2 |      54 |       0 |   0.0 |      15 |       0 |   0.0
        D:3 |      51 |       0 |   0.0 |      11 |       0 |   0.0
            +---------+---------+-------+---------+---------+-------
